[Event "ICC Open 2015"]
[Site "Internet Chess Club"]
[Date "2015.05.29"]
[Round "7"]
[White "Cinzento"]
[Black "blunder23"]
[Result "1-0"]
[ICCResult "Black checkmated"]
[WhiteElo "1720"]
[BlackElo "1469"]
[Opening "Sicilian: Najdorf, 6.Bg5"]
[ECO "B94"]
[NIC "SI.04"]
[Time "15:17:01"]
[TimeControl "180+0"]

1. e4 c5 2. Nf3 d6 3. d4 cxd4 4. Nxd4 Nf6 5. Nc3 a6 6. Bg5 h6 7. Bxf6 exf6
8. Qd2 Be6 9. Be2 Be7 10. O-O O-O 11. Rfd1 Nc6 12. Nxe6 fxe6 13. Bc4 d5 14.
exd5 exd5 15. Nxd5 Kh8 16. Nxe7 Qxe7 17. Qd7 Rfd8 18. Qxe7 Nxe7 19. Kf1 Nf5
20. c3 b5 21. Bd5 Rac8 22. Be6 Rxd1+ 23. Rxd1 Rc5 24. Rd8+ Kh7 25. Bg8+ Kg6
26. Bd5 a5 27. Be4 Re5 28. Bd3 Kg5 29. g3 g6 30. f4+ Kg4 31. fxe5 fxe5 32.
Rg8 Ne3+ 33. Ke2 Ng2 34. Rxg6+ Kh3 35. Rxh6+ Kg4 36. Kf2 Ne3 37. Kxe3 e4 38.
Bxe4 Kg5 39. Rg6+ Kh5 40. Kf4 b4 41. Rf6 b3 42. Bf3# {Black checkmated} 1-0

[Event "ICC Open 2015"]
[Site "Internet Chess Club"]
[Date "2015.05.29"]
[Round "7"]
[White "RobbieWilliams"]
[Black "ibarra"]
[Result "0-1"]
[ICCResult "White resigns"]
[WhiteElo "1724"]
[BlackElo "2826"]
[Opening "Queen's pawn game"]
[ECO "A45"]
[NIC "QP.07"]
[Time "15:17:53"]
[TimeControl "180+0"]

1. d4 Nf6 2. e3 d6 3. Nc3 g6 4. e4 Bg7 5. f3 O-O 6. Be3 c6 7. Qd2 b5 8.
O-O-O Qa5 9. Kb1 Nbd7 10. Bd3 Rb8 11. g4 e5 12. h4 exd4 13. Bxd4 b4 14. Nce2
c5 15. Be3 Ne5 16. b3 Be6 17. h5 c4 18. bxc4 Nxc4 19. Bxc4 Bxc4 20. Nc1 Qa3
21. Bd4 Rb5 22. Bb2 Nxe4 23. Bxa3 bxa3+ 24. Nb3 Nxd2+ 25. Rxd2 a5 26. Kc1 a4
27. Nd4 Rb2 28. hxg6 hxg6 29. Nge2 Bxe2 30. Nxe2 Rxa2 31. Kd1 Ra1+ 32. Nc1
Rxc1+ 33. Kxc1 a2 {White resigns} 0-1

[Event "ICC Open 2015"]
[Site "Internet Chess Club"]
[Date "2015.05.29"]
[Round "7"]
[White "jonpetur"]
[Black "nikenwidiartto"]
[Result "0-1"]
[ICCResult "White checkmated"]
[WhiteElo "1509"]
[BlackElo "1784"]
[Opening "Nimzovich-Larsen attack: classical variation"]
[ECO "A01"]
[NIC "VO.08"]
[Time "15:17:28"]
[TimeControl "180+0"]

1. b3 d5 2. Bb2 c6 3. d3 Nf6 4. Nd2 Bg4 5. g3 Nbd7 6. f3 Bh5 7. Bg2 e5 8. e4
Bd6 9. Qe2 O-O 10. O-O-O a5 11. g4 Bg6 12. h4 h5 13. g5 Ne8 14. Kb1 a4 15.
Nh3 Qe7 16. exd5 cxd5 17. f4 Ba3 18. Bxd5 Bxb2 19. Kxb2 axb3 20. Bxb3 Qa3+
21. Kb1 Nc5 22. Nc4 Qa6 23. fxe5 Nc7 24. Nf4 Nb5 25. Nxg6 Nc3+ 26. Kb2 Nxe2
27. Rd2 Nxb3 28. Ne7+ Kh8 29. Rxe2 Qxa2+ 30. Kc3 Nc5 31. Nd5 b5 32. Kd4 Ne6+
33. Ke4 bxc4 34. Rhh2 cxd3 35. cxd3 Nc5+ 36. Kd4 Ne6+ 37. Ke4 Qa4+ 38. Kf5
Qg4# {White checkmated} 0-1

[Event "ICC Open 2015"]
[Site "Internet Chess Club"]
[Date "2015.05.29"]
[Round "7"]
[White "TanteDolli"]
[Black "ShreyansGhia"]
[Result "1-0"]
[ICCResult "Black resigns"]
[WhiteElo "1759"]
[BlackElo "1782"]
[Opening "Greco defense"]
[ECO "C40"]
[NIC "KP.10"]
[Time "15:17:44"]
[TimeControl "180+0"]

1. e4 e5 2. Nf3 Qf6 3. Bc4 Bc5 4. O-O d6 5. h3 h6 6. c3 Nc6 7. a4 Nge7 8. b4
Bxf2+ 9. Rxf2 a6 10. b5 axb5 11. Bxb5 Bd7 12. d4 O-O 13. d5 Na7 14. Bxd7 c6
15. dxc6 bxc6 16. Bg4 Rab8 17. Nbd2 d5 18. exd5 Nxd5 19. Ne4 Qg6 20. Qc2 Kh8
21. Nxe5 Qxg4 22. Nxg4 Rfe8 23. Nd6 Re1+ 24. Kh2 Ne3 25. Bxe3 Re8 26. Nxe8
{Black resigns}
1-0

[Event "ICC Open 2015"]
[Site "Internet Chess Club"]
[Date "2015.05.29"]
[Round "7"]
[White "Megadeth"]
[Black "Stone-Castle"]
[Result "0-1"]
[ICCResult "White resigns"]
[WhiteElo "1387"]
[BlackElo "1858"]
[Opening "Pirc: Ufimtsev-Pytel variation"]
[ECO "B07"]
[NIC "PU.08"]
[Time "15:18:07"]
[TimeControl "180+0"]

1. e4 d6 2. d4 Nf6 3. Nc3 c6 4. Nf3 Bg4 5. Be2 e6 6. O-O d5 7. e5 Nfd7 8. h3
Bh5 9. Be3 Be7 10. Qd3 c5 11. b3 a6 12. Nd2 Bxe2 13. Qxe2 cxd4 14. Bxd4 Nc6
15. Qd3 Qc7 16. Nf3 Rc8 17. Rfe1 Nxd4 18. Nxd5 Nxf3+ 19. Qxf3 exd5 20. Qxd5
O-O 21. e6 Nf6 22. exf7+ Kh8 23. Qd3 Bb4 24. Re2 Qxf7 25. a3 Ba5 26. Rd1
Rcd8 {White resigns} 0-1

[Event "ICC Open 2015"]
[Site "Internet Chess Club"]
[Date "2015.05.29"]
[Round "7"]
[White "hawk12"]
[Black "DarkThrone"]
[Result "0-1"]
[ICCResult "White resigns"]
[WhiteElo "1718"]
[BlackElo "2430"]
[Opening "Ruy Lopez: Marshall counter-attack"]
[ECO "C89"]
[NIC "RL.17"]
[Time "15:19:26"]
[TimeControl "180+0"]

1. e4 e5 2. Nf3 Nc6 3. Bb5 a6 4. Ba4 Nf6 5. O-O Be7 6. Re1 b5 7. Bb3 O-O 8.
c3 d5 9. exd5 Nxd5 10. d3 Bg4 11. Nbd2 Nf4 12. Ne4 Nxd3 13. Re3 Nc5 14. Bc2
Qxd1+ 15. Bxd1 Nxe4 16. Rxe4 f5 17. Re1 e4 18. Nd4 Nxd4 19. Bxg4 Nc2 20. Bf4
fxg4 {White resigns} 0-1

[Event "ICC Open 2015"]
[Site "Internet Chess Club"]
[Date "2015.05.29"]
[Round "7"]
[White "podkarpacki"]
[Black "franco"]
[Result "1-0"]
[ICCResult "Black checkmated"]
[WhiteElo "1416"]
[BlackElo "1266"]
[Opening "QGD Slav: 4.Nc3"]
[ECO "D15"]
[NIC "SL.03"]
[Time "15:17:59"]
[TimeControl "180+0"]

1. Nf3 Nf6 2. d4 d5 3. c4 c6 4. Nc3 Bf5 5. a4 e6 6. Bg5 Bb4 7. e3 Qa5 8. Rc1
Ne4 9. Qb3 Nxg5 10. Nxg5 dxc4 11. Qxc4 Bg6 12. Nf3 O-O 13. Bd3 Bxd3 14. Qxd3
Bxc3+ 15. Qxc3 Qh5 16. O-O Nd7 17. b4 Nf6 18. Ne5 Ne4 19. Qd3 Ng5 20. f4 f6
21. Nd7 Rf7 22. Nc5 Nh3+ 23. gxh3 Qxh3 24. e4 f5 25. Qxh3 fxe4 26. Nxe4 Raf8
27. Qxe6 h6 28. Nd6 h5 29. Nxf7 Rxf7 30. d5 cxd5 31. Rc8+ Kh7 32. Qxf7 h4
33. f5 h3 34. Qg8+ Kh6 35. Qh8+ Kg5 36. Qxg7+ Kh4 37. Rh8# {Black
checkmated} 1-0

[Event "ICC Open 2015"]
[Site "Internet Chess Club"]
[Date "2015.05.29"]
[Round "7"]
[White "Pigs"]
[Black "chessrex"]
[Result "1-0"]
[ICCResult "Black checkmated"]
[WhiteElo "1960"]
[BlackElo "2058"]
[Opening "Philidor: López counter-gambit"]
[ECO "C41"]
[NIC "KP.10"]
[Time "15:17:45"]
[TimeControl "180+0"]

1. e4 e5 2. Nf3 d6 3. Bc4 f5 4. d3 Nc6 5. c3 Nf6 6. Bg5 Qe7 7. Nbd2 f4 8. h3
Be6 9. Qa4 h6 10. Bxf6 Qxf6 11. O-O-O Bd7 12. Qc2 O-O-O 13. b4 g5 14. Qb3
Bg7 15. a4 Kb8 16. Kc2 Rhe8 17. a5 Be6 18. Ra1 Bxc4 19. Qxc4 Qe6 20. b5 Qxc4
21. dxc4 Ne7 22. Ne1 h5 23. Nd3 Ng6 24. Nb4 Rh8 25. a6 Ne7 26. axb7 Kxb7 27.
Ra6 Ra8 28. Rha1 g4 29. Nb3 f3 30. Na5+ Kc8 31. Nac6 Nxc6 32. bxc6 fxg2 33.
hxg4 h4 34. Nd5 Kd8 35. Rxa7 Rxa7 36. Rxa7 Ke8 37. Nxc7+ Kf8 38. Ne6+ Kg8
39. Rxg7# {Black checkmated} 1-0

[Event "ICC Open 2015"]
[Site "Internet Chess Club"]
[Date "2015.05.29"]
[Round "7"]
[White "playwaycool"]
[Black "FlyAway"]
[Result "0-1"]
[ICCResult "White resigns"]
[WhiteElo "2308"]
[BlackElo "2841"]
[Opening "Trompowsky attack (Ruth, Opocenský opening)"]
[ECO "A45"]
[NIC "QP.07"]
[Time "15:17:07"]
[TimeControl "180+0"]

1. d4 Nf6 2. Bg5 d5 3. Bxf6 exf6 4. e3 c6 5. c4 Bb4+ 6. Nd2 dxc4 7. Bxc4 O-O
8. Nf3 f5 9. O-O Nd7 10. a3 Bd6 11. Qc2 Nf6 12. Bd3 g6 13. Nc4 Bc7 14. Nce5
Re8 15. Rfd1 Ng4 16. Qc3 Qe7 17. Nc4 Be6 18. h3 Nf6 19. Nce5 Ne4 20. Qc2 f6
21. Nc4 Bd5 22. Rf1 Kh8 23. Ncd2 Nxd2 24. Nxd2 Qd6 25. f4 Rxe3 26. Nc4 Qe7
27. Nxe3 Qxe3+ 28. Rf2 Bxf4 29. Qe2 Qg3 30. Rxf4 Qxf4 31. Qf2 Qxf2+ 32. Kxf2
Re8 33. g3 Kg7 34. Re1 Rxe1 35. Kxe1 Be4 36. Be2 g5 37. Kf2 f4 38. gxf4 gxf4
39. Bg4 Kf8 40. Bc8 b6 41. Bg4 Ke7 42. b4 Kd6 43. Be2 Kd5 44. Bf3 Kxd4 45.
Bg4 c5 46. bxc5 bxc5 47. Ke2 c4 48. Kd2 c3+ 49. Kc1 f3 {White resigns} 0-1

[Event "ICC Open 2015"]
[Site "Internet Chess Club"]
[Date "2015.05.29"]
[Round "7"]
[White "NAS"]
[Black "BORIS-51"]
[Result "0-1"]
[ICCResult "White resigns"]
[WhiteElo "1696"]
[BlackElo "2051"]
[Opening "Scandinavian (center counter) defense"]
[ECO "B01"]
[NIC "SD.01"]
[Time "15:16:56"]
[TimeControl "180+0"]

1. e4 d5 2. exd5 Qxd5 3. Nc3 Qa5 4. d4 Nf6 5. Be2 c6 6. Nf3 Bf5 7. Be3 e6 8.
Qd2 Bb4 9. O-O Ne4 10. Qc1 Nxc3 11. bxc3 Bxc3 12. Rb1 Qc7 13. Rb3 Ba5 14. c4
Qc8 15. Qb2 b6 16. d5 O-O 17. Nh4 exd5 18. Bd4 f6 19. cxd5 c5 20. Be3 Be4
21. d6 Nc6 22. Bc4+ Kh8 23. Bf4 Qg4 24. g3 Nd4 25. Be2 Nxe2+ {White resigns}
0-1

[Event "ICC Open 2015"]
[Site "Internet Chess Club"]
[Date "2015.05.29"]
[Round "7"]
[White "anu1217"]
[Black "pawnloser"]
[Result "1-0"]
[ICCResult "Black resigns"]
[WhiteElo "1870"]
[BlackElo "1593"]
[Opening "Alekhine's defense: exchange variation"]
[ECO "B03"]
[NIC "AL.08"]
[Time "15:18:32"]
[TimeControl "180+0"]

1. e4 Nf6 2. e5 Nd5 3. d4 d6 4. c4 Nb6 5. exd6 cxd6 6. Bd3 g6 7. Ne2 Bg7 8.
Nbc3 O-O 9. Be3 Nc6 10. b3 e5 11. d5 Ne7 12. Rc1 f5 13. O-O Nd7 14. Bb1 a6
15. b4 Nf6 16. f4 Ng4 17. Bd2 e4 18. h3 Nf6 19. Be3 Qc7 20. c5 Bd7 21. cxd6
Qxd6 22. Bc5 Qc7 23. d6 Qc6 24. dxe7 {Black resigns} 1-0

[Event "ICC Open 2015"]
[Site "Internet Chess Club"]
[Date "2015.05.29"]
[Round "7"]
[White "nurmi"]
[Black "PaYbAcK"]
[Result "0-1"]
[ICCResult "White checkmated"]
[WhiteElo "2196"]
[BlackElo "2655"]
[Opening "Ruy Lopez: Cozio defense deferred"]
[ECO "C70"]
[NIC "RL.09"]
[Time "15:16:57"]
[TimeControl "180+0"]

1. e4 e5 2. Nf3 Nc6 3. Bb5 a6 4. Ba4 Nge7 5. O-O g6 6. c3 Bg7 7. d4 exd4 8.
cxd4 b5 9. Bb3 O-O 10. Nc3 Bb7 11. Re1 d6 12. Bg5 h6 13. Bf4 Na5 14. Bc2 c5
15. dxc5 dxc5 16. Qxd8 Rfxd8 17. Bc7 Nc4 18. Bxd8 Rxd8 19. Rad1 Rxd1 20.
Rxd1 Nxb2 21. Rd7 Bxc3 22. Rxb7 Kf8 23. Rb6 c4 24. Rxa6 b4 25. Kf1 g5 26. h3
Ng6 27. g3 Kg7 28. Ke2 Nf8 29. Nd2 Ne6 30. Nf3 h5 31. Ra7 g4 32. hxg4 hxg4
33. Nh4 Nd4+ 34. Kf1 Nxc2 35. Nf5+ Kf6 36. Nd6 Ke5 37. Nxf7+ Kxe4 38. Nd6+
Kd3 39. Rd7 Nd4 40. Rg7 Bd2 41. Rxg4 c3 42. Rg8 c2 43. Rc8 Bc3 44. Kg2 c1=Q
45. Nf5 Nxf5 46. Rd8+ Bd4 47. g4 Nd1 48. gxf5 Qg5+ 49. Kf1 Qxd8 50. f6 Qxf6
51. a3 Qxf2# {White checkmated} 0-1

[Event "ICC Open 2015"]
[Site "Internet Chess Club"]
[Date "2015.05.29"]
[Round "7"]
[White "chesstempo2"]
[Black "Lundendorf"]
[Result "0-1"]
[ICCResult "White checkmated"]
[WhiteElo "2008"]
[BlackElo "1898"]
[Opening "QGD Slav: 4.e3"]
[ECO "D11"]
[NIC "SL.01"]
[Time "15:16:55"]
[TimeControl "180+0"]

1. d4 c6 2. c4 d5 3. Nf3 Nf6 4. e3 a6 5. Nc3 b5 6. cxd5 cxd5 7. Bd2 Bb7 8.
Rc1 Nc6 9. Nxb5 axb5 10. Bxb5 Qb6 11. a4 Nd7 12. O-O e6 13. Qc2 Rc8 14. Qb1
Bd6 15. Rc2 O-O 16. Rfc1 Ndb8 17. b4 Ne7 18. Bd3 Rxc2 19. Rxc2 Rc8 20. Rxc8+
Bxc8 21. Bxh7+ Kf8 22. Bd3 Nbc6 23. b5 Na5 24. Ne5 Bxe5 25. dxe5 Bd7 26. Qb4
Nb7 27. a5 Qc7 28. a6 Nc5 29. Be2 Ne4 30. b6 Qc2 31. b7 Nxd2 32. b8=Q+ Be8
33. Qb2 Qa4 34. a7 Nc4 35. Bxc4 dxc4 36. a8=Q Qd1# {White checkmated} 0-1

[Event "ICC Open 2015"]
[Site "Internet Chess Club"]
[Date "2015.05.29"]
[Round "7"]
[White "eddington"]
[Black "nitishdas"]
[Result "1-0"]
[ICCResult "Black resigns"]
[WhiteElo "2125"]
[BlackElo "1785"]
[Opening "Caro-Kann: exchange variation"]
[ECO "B13"]
[NIC "VO.17"]
[Time "15:17:51"]
[TimeControl "180+0"]

1. e4 d5 2. exd5 c6 3. d4 cxd5 4. Nf3 Nc6 5. Be2 f6 6. O-O e5 7. Nc3 e4 8.
Ne1 f5 9. f3 Nf6 10. fxe4 dxe4 11. d5 Ne5 12. Bf4 Bd6 13. Nb5 Qb6+ 14. Kh1
Bb8 15. d6 O-O 16. Bxe5 Bd7 17. Qd4 Qa5 18. b4 Qa4 19. Nc3 Qc6 20. Bb5 Qc8
21. Nd5 Nxd5 22. Bc4 {Black resigns} 1-0

[Event "ICC Open 2015"]
[Site "Internet Chess Club"]
[Date "2015.05.29"]
[Round "7"]
[White "budde"]
[Black "canpawn"]
[Result "1-0"]
[ICCResult "Black checkmated"]
[WhiteElo "1961"]
[BlackElo "1527"]
[Opening "French: Tarrasch, closed variation"]
[ECO "C05"]
[NIC "FR.16"]
[Time "15:18:26"]
[TimeControl "180+0"]

1. e4 e6 2. d4 d5 3. Nd2 Nf6 4. e5 Nfd7 5. Ngf3 Be7 6. Be2 O-O 7. O-O f6 8.
exf6 Bxf6 9. Nb3 e5 10. c4 c6 11. cxd5 cxd5 12. dxe5 Nxe5 13. Nfd4 Nbc6 14.
Be3 Qc7 15. Rc1 Ng4 16. Bxg4 Bxg4 17. Qxg4 Qd6 18. Nf5 Qd8 19. Bc5 Re8 20.
Nh6+ Kh8 21. Nf7+ Kg8 22. Nxd8 Raxd8 23. Rce1 Ne5 24. Qd1 b6 25. Bd4 Re6 26.
f4 Rde8 27. fxe5 Be7 28. Qe2 Rc8 29. Rf3 Bc5 30. Ref1 Bxd4+ 31. Nxd4 Re7 32.
e6 h6 33. Nf5 Ree8 34. Nd6 Rcd8 35. Nxe8 d4 36. Rf8+ Kh7 37. Qe4+ g6 38.
R1f7# {Black checkmated} 1-0

[Event "ICC Open 2015"]
[Site "Internet Chess Club"]
[Date "2015.05.29"]
[Round "7"]
[White "olimpus"]
[Black "OptimusMagister"]
[Result "1-0"]
[ICCResult "Black forfeits on time"]
[WhiteElo "2768"]
[BlackElo "2253"]
[Opening "Benko's opening"]
[ECO "A00"]
[NIC "EO.24"]
[Time "15:17:02"]
[TimeControl "180+0"]

1. g3 e5 2. c4 d6 3. Bg2 h5 4. Nf3 Nc6 5. Nc3 Be7 6. d3 h4 7. Nd5 h3 8. Bf1
Bg4 9. e3 Nf6 10. Nxe7 Nxe7 11. Be2 Qd7 12. Qc2 c5 13. a3 Qf5 14. e4 Qh5 15.
Ng1 Bxe2 16. Qxe2 Nc6 17. Be3 Ng4 18. O-O-O O-O-O 19. Qd2 g6 20. Ne2 f5 21.
Nc3 fxe4 22. Nxe4 Nxe3 23. fxe3 Rhf8 24. Rhf1 Kc7 25. b4 b6 26. Kb2 Ne7 27.
Nc3 Rf3 28. Rxf3 Qxf3 29. d4 exd4 30. exd4 Qg2 31. dxc5 bxc5 32. Nb5+ Kb8
33. Qxg2 hxg2 34. Rg1 Nc6 35. Rxg2 cxb4 36. axb4 Nxb4 37. Kc3 Nc6 38. Rb2
Kc8 39. Rd2 Ne5 40. Nxd6+ Kb8 41. c5 Nf3 42. Rf2 Rf8 43. Kb4 Kc7 44. Nb5+
Kb7 45. Nd4 a5+ 46. Ka4 Nxd4 47. Rxf8 Kc6 48. Rf6+ {Black forfeits on time}
1-0

[Event "ICC Open 2015"]
[Site "Internet Chess Club"]
[Date "2015.05.29"]
[Round "7"]
[White "EREBUNI"]
[Black "SCORPION83"]
[Result "1-0"]
[ICCResult "Black resigns"]
[WhiteElo "3066"]
[BlackElo "3185"]
[Opening "Pirc: Ufimtsev-Pytel variation"]
[ECO "B07"]
[NIC "PU.08"]
[Time "15:17:00"]
[TimeControl "180+0"]

1. e4 d6 2. d4 Nf6 3. Nc3 c6 4. Nf3 Bg4 5. Be2 e6 6. O-O d5 7. e5 Nfd7 8.
Bf4 c5 9. Nb5 Nc6 10. c3 cxd4 11. Nbxd4 Be7 12. Nxc6 bxc6 13. Nd4 Bxe2 14.
Qxe2 Rc8 15. Qg4 g6 16. Rad1 h5 17. Qe2 Kf8 18. Rd3 Nc5 19. Rf3 Kg7 20. Rh3
a5 21. Qc2 g5 22. Bd2 g4 23. Re3 Ne4 24. f3 Nxd2 25. Qxd2 c5 26. Ne2 d4 27.
Rd3 Qd5 28. cxd4 cxd4 29. Qf4 Rc5 30. fxg4 Rf8 31. gxh5 Qxe5 32. Rg3+ Kh7
33. Qg4 Bf6 34. Nf4 Rcc8 35. Nd3 Qe2 36. Qxe2 {Black resigns} 1-0

[Event "ICC Open 2015"]
[Site "Internet Chess Club"]
[Date "2015.05.29"]
[Round "7"]
[White "gonesailing"]
[Black "Otho"]
[Result "1-0"]
[ICCResult "Black resigns"]
[WhiteElo "1511"]
[BlackElo "1875"]
[Opening "Sicilian: wing gambit, Carlsbad variation"]
[ECO "B20"]
[NIC "SI.48"]
[Time "15:18:11"]
[TimeControl "180+0"]

1. e4 c5 2. b4 cxb4 3. a3 bxa3 4. Nxa3 d6 5. d4 g6 6. c3 Bg7 7. Bd3 Nf6 8.
h4 h5 9. Nf3 O-O 10. Qc2 Bg4 11. Ng5 e5 12. d5 Nh7 13. O-O Nxg5 14. Bxg5 Bf6
15. Be3 Bxh4 16. Nb5 a6 17. Rfb1 Bg5 18. Bxg5 Qxg5 19. Nc7 Ra7 20. Be2 Bxe2
21. Qxe2 Nd7 22. Nb5 Raa8 23. Nxd6 b5 24. Nb7 Kg7 25. Na5 h4 26. Qf3 f5 27.
Nc6 fxe4 28. Qxe4 Rf4 29. Qe3 h3 30. Qxh3 Rg4 31. Rb4 Rh4 32. Rxh4
{Black resigns}
1-0

[Event "ICC Open 2015"]
[Site "Internet Chess Club"]
[Date "2015.05.29"]
[Round "7"]
[White "truufseir"]
[Black "Birdy69"]
[Result "0-1"]
[ICCResult "White checkmated"]
[WhiteElo "1511"]
[BlackElo "1742"]
[Opening "Alekhine's defense: four pawns attack, 7.Be3"]
[ECO "B03"]
[NIC "AL.07"]
[Time "15:17:29"]
[TimeControl "180+0"]

1. e4 Nf6 2. e5 Nd5 3. d4 d6 4. c4 Nb6 5. f4 dxe5 6. fxe5 Nc6 7. Be3 Bf5 8.
Nc3 e6 9. h3 Nb4 10. Rc1 c5 11. dxc5 Qxd1+ 12. Kxd1 O-O-O+ 13. Ke1 Nd7 14.
a3 Nc2+ 15. Kf2 Nxe3 16. Kxe3 Bxc5+ 17. Kf3 Nxe5+ 18. Kf4 Ng6+ 19. Kg3 Rd2
20. b4 Bd6+ 21. Kf3 Rd8 22. Nge2 Nh4+ 23. Kf2 Be7 24. g4 Bg6 25. Ke1 Nf3+
26. Kf2 Nd4 27. h4 a5 28. c5 axb4 29. axb4 Bd3 30. Ke3 Nb3 31. Ra1 Nxa1 32.
Kxd2 Be4+ 33. Ke3 Bxh1 34. g5 Nc2+ 35. Kf2 h6 36. gxh6 gxh6 37. h5 Rg8 38.
Bh3 Bh4+ 39. Kf1 Ne3# {White checkmated} 0-1

[Event "ICC Open 2015"]
[Site "Internet Chess Club"]
[Date "2015.05.29"]
[Round "7"]
[White "mementogambit"]
[Black "vicmel"]
[Result "0-1"]
[ICCResult "White resigns"]
[WhiteElo "1588"]
[BlackElo "1957"]
[Opening "Sicilian: closed"]
[ECO "B24"]
[NIC "SI.44"]
[Time "15:17:02"]
[TimeControl "180+0"]

1. e4 c5 2. Nc3 Nc6 3. g3 g6 4. Bg2 Bg7 5. d3 e6 6. Be3 d6 7. Qd2 h6 8. Nh3
Nge7 9. O-O a6 10. a4 Qc7 11. f4 f5 12. Rae1 O-O 13. e5 b6 14. exd6 Qxd6 15.
a5 b5 16. Nd1 Bd7 17. Qf2 Bd4 18. c3 Bxe3 19. Qxe3 Rad8 20. Nhf2 Nxa5 21.
Qe5 Qxe5 22. fxe5 Bc6 23. Ne3 Bxg2 24. Kxg2 Nac6 25. Ra1 Ra8 26. c4 b4 27.
Rfe1 a5 28. Nf1 Rad8 29. Nd2 g5 30. Nb3 Nd4 31. Nxc5 Nc2 32. Rxa5 Nxe1+ 33.
Kf1 Nc2 34. Nxe6 Ra8 35. Nxf8 Rxa5 {White resigns} 0-1

[Event "ICC Open 2015"]
[Site "Internet Chess Club"]
[Date "2015.05.29"]
[Round "7"]
[White "klodshans"]
[Black "JCarllsen"]
[Result "0-1"]
[ICCResult "White resigns"]
[WhiteElo "1545"]
[BlackElo "1804"]
[Opening "Queen's pawn: London system"]
[ECO "A45"]
[NIC "QP.07"]
[Time "15:17:26"]
[TimeControl "180+0"]

1. d4 Nf6 2. Bf4 g6 3. e3 Bg7 4. Nd2 O-O 5. h3 d6 6. Be2 b6 7. c3 Bb7 8. a4
a5 9. Ngf3 Nbd7 10. O-O Ne4 11. Qb3 Ndf6 12. c4 Nxd2 13. Nxd2 Ne4 14. Nxe4
Bxe4 15. Rac1 e5 16. dxe5 dxe5 17. Rfd1 Qf6 18. Bg3 Rfd8 19. c5 h5 20. Rxd8+
Rxd8 21. cxb6 cxb6 22. Bc4 h4 23. Bh2 Rd2 24. Rf1 Bf8 25. Qc3 Qg5 26. g4
hxg3 27. Bxg3 Rc2 28. Bxf7+ Kxf7 29. Qxe5 Qxe5 30. Bxe5 Bg7 31. Bc3 Bxc3 32.
bxc3 Rxc3 33. Rd1 Ke6 34. Kh2 Rc2 35. Kg3 Ra2 36. Rd4 Bc6 37. Rg4 Kf6 38.
Rf4+ Kg7 39. e4 Rxa4 40. f3 Rb4 41. e5 Rxf4 42. Kxf4 b5 43. Ke3 Kf7 44. Kd4
Ke6 45. f4 Be8 46. Kc5 a4 47. Kb4 Kf5 48. h4 Kxf4 49. e6 Ke5 50. e7 Ke6
{White resigns}
0-1

[Event "ICC Open 2015"]
[Site "Internet Chess Club"]
[Date "2015.05.29"]
[Round "7"]
[White "Supermister"]
[Black "Womacka"]
[Result "0-1"]
[ICCResult "White resigns"]
[WhiteElo "2069"]
[BlackElo "2404"]
[Opening "Sicilian: closed"]
[ECO "B24"]
[NIC "SI.44"]
[Time "15:18:25"]
[TimeControl "180+0"]

1. e4 c5 2. Nc3 Nc6 3. g3 g6 4. d3 Bg7 5. Be3 d6 6. Qd2 e5 7. Bg2 Nge7 8.
Bh6 O-O 9. h4 Bxh6 10. Qxh6 f6 11. Qd2 Nd4 12. Nce2 d5 13. c3 Nxe2 14. Nxe2
dxe4 15. dxe4 Qxd2+ 16. Kxd2 Be6 17. Kc2 f5 18. b3 fxe4 19. Bxe4 Rxf2 20.
Rae1 Bg4 21. Kd2 Nf5 22. Bxf5 gxf5 23. Ke3 Rf3+ 24. Kd2 Rd8+ 25. Kc1 Re3 26.
Rh2 Rdd3 27. c4 Rd4 28. Kc2 Rde4 29. Kd2 h5 30. Rf2 Kf7 31. Rh2 Ke6 32. Rf2
a6 33. Rh2 b5 34. cxb5 axb5 35. Rf2 b4 36. Rh2 Rxe2+ 37. Rhxe2 Rxe2+ 38.
Rxe2 Bxe2 39. Kxe2 Kd5 40. Kd3 e4+ 41. Ke3 Ke5 42. Ke2 Kd4 43. Kd2 e3+ 44.
Ke2 Ke4 45. Ke1 Kf3 46. Kf1 Kxg3 47. Ke2 Kf4 48. Kf1 Kf3 49. Ke1 e2
{White resigns}
0-1

[Event "ICC Open 2015"]
[Site "Internet Chess Club"]
[Date "2015.05.29"]
[Round "7"]
[White "Zablotsky"]
[Black "dwg6"]
[Result "1-0"]
[ICCResult "Black resigns"]
[WhiteElo "2808"]
[BlackElo "2277"]
[Opening "Réti opening"]
[ECO "A04"]
[NIC "QP.11"]
[Time "15:17:41"]
[TimeControl "180+0"]

1. Nf3 g6 2. d4 Bg7 3. c4 d6 4. Nc3 Nc6 5. h3 e5 6. d5 Nce7 7. e4 c5 8. g4
Nf6 9. Be3 O-O 10. Rg1 a6 11. Nd2 Ne8 12. h4 Nc7 13. a4 Rb8 14. h5 Bd7 15.
a5 b5 16. axb6 Rxb6 17. Qc2 Qb8 18. Ra2 Qb7 19. Bd3 Rb8 20. Nd1 Rb4 21. Ke2
Na8 22. f3 Nb6 23. b3 Ra8 24. Nc3 a5 25. hxg6 hxg6 26. Rga1 a4 27. bxa4 Ra5
28. Nb5 Nec8 29. Nb3 Raxa4 30. Rxa4 Nxa4 31. Na5 Qxb5 32. cxb5 Rb2 33. Rxa4
Rxc2+ 34. Bxc2 Bxb5+ 35. Kd2 Bxa4 36. Bxa4 Nb6 37. Bb5 f5 38. Nc4 Bf8 39.
Nxb6 {Black resigns} 1-0

[Event "ICC Open 2015"]
[Site "Internet Chess Club"]
[Date "2015.05.29"]
[Round "7"]
[White "El-Flippo"]
[Black "IlValentino"]
[Result "0-1"]
[ICCResult "White forfeits on time"]
[WhiteElo "1313"]
[BlackElo "1416"]
[Opening "French defense"]
[ECO "C00"]
[NIC "FR.01"]
[Time "15:17:06"]
[TimeControl "180+0"]

1. e4 e6 2. Nf3 d5 3. e5 c5 4. c4 d4 5. d3 Qa5+ 6. Bd2 Qc7 7. Bf4 Nc6 8.
Nbd2 Nge7 9. Qe2 Ng6 10. Bg3 Be7 11. h4 h5 12. a3 a6 13. Rb1 b6 14. Bh2 Nxh4
15. Nxh4 Bxh4 16. Nf3 Be7 17. Bf4 g6 18. g3 Qd8 19. Bg2 Rb8 20. Ng5 Bxg5 21.
Bxc6+ Bd7 22. Bxd7+ Kxd7 23. b4 Bxf4 24. gxf4 f5 25. bxc5 bxc5 26. Rxb8 Qxb8
27. O-O Qb7 28. Qc2 Rb8 {White forfeits on time} 0-1

[Event "ICC Open 2015"]
[Site "Internet Chess Club"]
[Date "2015.05.29"]
[Round "7"]
[White "plagis"]
[Black "sibirica"]
[Result "0-1"]
[ICCResult "White checkmated"]
[WhiteElo "2083"]
[BlackElo "2562"]
[Opening "English: symmetrical, hedgehog, flexible formation"]
[ECO "A05"]
[NIC "EO.39"]
[Time "15:17:44"]
[TimeControl "180+0"]

1. Nf3 Nf6 2. c4 e6 3. g3 b6 4. Bg2 Bb7 5. O-O c5 6. d4 cxd4 7. Qxd4 Be7 8.
Nc3 d6 9. b3 a6 10. Rd1 Nbd7 11. Ba3 Nc5 12. b4 Ncd7 13. Rac1 O-O 14. Nh4
Bxg2 15. Nxg2 Qc7 16. Bb2 Rfd8 17. a3 Rac8 18. Ne3 Ne5 19. Na4 Ned7 20. Ng4
Qb7 21. Qf4 Nxg4 22. Qxg4 Nf6 23. Qd4 b5 24. cxb5 axb5 25. Nc3 d5 26. Qe5
Bd6 27. Qg5 Be7 28. Qf4 Rc4 29. Qd2 Rdc8 30. Nb1 Ne4 31. Qe3 Bg5 32. f4 Bd8
33. Rxc4 Rxc4 34. Nd2 Bb6 35. Nxc4 Bxe3+ 36. Nxe3 h5 37. Bd4 Qa8 38. Kg2
Qxa3 39. Rd3 Qxb4 40. Kf3 Qe1 41. Ng2 Qf1+ 42. Bf2 Qxf2# {White checkmated}
0-1